 Dungeon Crawl Stone Soup version 0.28-a0-445-g51f8dfeb47 (webtiles) character file.

Game seed: 4680537986599561218

10896 Morbidden the Skirmisher (level 11, -4/92 HPs)
             Began as a Demigod Brigand on Sept 12, 2021.
             Slain by a blink frog (12 damage)
             ... on level 2 of the Lair of Beasts.
             The game lasted 00:26:09 (13924 turns).

Morbidden the Skirmisher (Demigod Brigand)         Turns: 13924, Time: 00:26:10

Health: -4/92      AC: 12    Str: 20    XL:     11   Next: 19%
Magic:  23/23      EV: 10    Int: 23    God:
Gold:   265        SH:  0    Dex: 15    Spells: 15/20 levels left

rFire   . . .      SeeInvis .   a - +8 long sword "Uvaetung" {freeze, rElec}
rCold   . . .      Faith    .   (no shield)
rNeg    . . .      Spirit   .   D - +0 acid dragon scales
rPois   .          Reflect  .   h - +1 helmet
rElec   +          Harm     .   c - +0 cloak
rCorr   +          Rampage  .   C - +0 pair of gloves
Will    +....                   (no boots)
Stlth   +++.......              j - amulet of regeneration
HPRegen 1.25/turn               F - +6 ring of intelligence
MPRegen 0.18/turn               (no ring)

@: hasted, constricted, very quick
A: high mp 1, forlorn
a: no special abilities


You were on level 2 of the Lair of Beasts.
You visited 3 branches of the dungeon, and saw 14 of its levels.
You also visited: Ossuary.

You collected 808 gold pieces.
You spent 543 gold pieces at shops.

Inventory:

Hand Weapons
 a - the +8 long sword "Uvaetung" (weapon) {freeze, rElec}
   (You bought it in a shop on level 9 of the Dungeon)

   It freezes those it strikes, dealing additional cold damage.
   It can also slow down cold-blooded creatures.
   rElec:     It insulates you from electricity.
 o - a +2 antimagic short sword
 v - a -3 double sword
 w - the +5 dagger of the Gloaming {pain, +Rage Str+2 Int+3}
   (You bought it in a shop on level 9 of the Dungeon)

   In the hands of one skilled in necromantic magic, it inflicts extra damage on
   living creatures.
   Str:       It affects your strength (+2).
   Int:       It affects your intelligence (+3).
   +Rage:     It lets you go berserk.
 E - a +0 glaive of pain
Missiles
 e - 3 curare-tipped darts
 t - 20 boomerangs (quivered)
 y - 36 poisoned darts
 B - a throwing net
Armour
 c - a +0 cloak (worn)
 h - a +1 helmet (worn)
 C - a +0 pair of gloves (worn)
 D - +0 acid dragon scales (worn)
Jewellery
 j - an amulet of regeneration (around neck)
 F - a +6 ring of intelligence (left hand)
 I - an amulet of guardian spirit
Wands
 l - a wand of paralysis (1)
 L - a wand of flame (17)
Scrolls
 b - a scroll of blinking
 f - 2 scrolls of noise
 g - 4 scrolls of identify
 k - 3 scrolls of teleportation
 n - 3 scrolls of enchant armour
 G - a scroll of magic mapping
 J - a scroll of silence
 K - a scroll of fog
 M - a scroll of fear {unknown}
Potions
 d - 2 potions of heal wounds {unknown}
 i - 3 potions of mutation {unknown}
 m - 3 potions of flight
 p - a potion of cancellation {unknown}
 q - 2 potions of brilliance {unknown}
 r - a potion of resistance {unknown}
 s - 4 potions of curing
 u - 3 potions of haste
 x - 4 potions of attraction {unknown}
 z - 2 potions of might {unknown}
 A - 2 potions of lignification {unknown}
 H - a potion of magic {unknown}


   Skills:
 * Level 7.6 Fighting
 + Level 6.5(7.9) Short Blades
 * Level 6.7(7.9) Long Blades
 + Level 4.0 Throwing
 + Level 5.4 Armour
 + Level 4.1 Dodging
 + Level 5.9 Stealth
 * Level 5.4 Spellcasting
 * Level 3.9 Translocations
 + Level 0.8 Evocations


You had 15 spell levels left.
You knew the following spells:

 Your Spells              Type           Power      Damage    Failure   Level
a - Manifold Assault      Tloc           24%        N/A       52%         5

Your spell library contained the following spells:

 Spells                   Type           Power      Damage    Failure   Level
 Blink                    Tloc           N/A        N/A       3%          2
 Lesser Beckoning         Tloc           24%        N/A       7%          3
 Magic Dart               Conj           24%        1d4       12%         1
 Call Imp                 Summ           6%         N/A       17%         2
 Mephitic Cloud           Conj/Pois/Air  6%         N/A       34%         3


Dungeon Overview and Level Annotations

Branches:
Dungeon (11/15)            Temple (1/1) D:6            Lair (2/6) D:9
Ossuary (visited)
  Swamp: Lair:2-4    Shoals: Lair:2-4     Snake: Lair:2-4    Spider: Lair:2-4
    Orc: D:9-12

Shops:
D:5 *   D:9 (*

Annotations:
D:2 1 runed translucent door, Crazy Yiuf
D:4 Dowan, Duvessa
D:6 exclusion: oklob plant


Innate Abilities, Weirdness & Mutations

Your attributes grow dramatically as you level up.
You have an increased reservoir of magic. (+10% MP)
You shall have no god before yourself.


Message History

Unknown command.
You slash the naga! You freeze the naga.
The naga is heavily wounded.
The naga spits poison at you.
The splash of poison hits you but does no damage.
You are poisoned.
Unknown command.
Unknown command.
You barely miss the naga.
The naga is heavily wounded.
You feel sick. The naga hits you with a +0 scimitar!
* * * LOW HITPOINT WARNING * * *
The naga barely misses you.
Unknown command.
Unknown command.
You feel better.
The blink frog blinks!
The naga hits you with a +0 scimitar!
* * * LOW HITPOINT WARNING * * *
The naga closely misses you.
The blink frog blinks!
You hit the naga. You freeze the naga.
The naga is severely wounded.
The naga hits you but does no damage. The naga grabs you.
The naga constricts you.
* * * LOW HITPOINT WARNING * * *
Unknown command.
Unknown command.
Unknown command.
Unknown command.
Unknown command.
Unknown command.
Unknown command.
You feel better. The naga hits you with a +0 scimitar!
* * * LOW HITPOINT WARNING * * *
The naga constricts you.
Unknown command.
Unknown command.
Unknown command.
Unknown command.
Okay, then.
It was a potion of haste.
You feel yourself speed up. The blink frog hits you!
You die...

# ...# . ...# .##..
.... .# ..##..# .
.....#..# #.
.#..#.F# .. ...#.@#
#.#..#N.# ...#..#
#.#.†## #P##.)...#
..#.P.P.##
...........##
##.###....#..#...#
.................##


You could see a blink frog and a naga.

Vanquished Creatures
  Harold (D:7)
  Pikel (D:7)
  A deep elf pyromancer (D:10)
  2 cane toads
  Maggie (D:7)
  2 komodo dragons
  A troll (D:10)
  2 polar bears
  3 blink frogs (Lair:2)
  A shadow (D:9)
  6 yaks (Lair:1)
  6 basilisks
  2 wraiths
  A wyvern (D:9)
  A steam dragon (D:8)
  Menkaure (D:7)
  A naga (Lair:2)
  5 acid dragons
  3 water moccasins
  A sky beast (D:6)
  2 orc warriors
  A black bear (D:5)
  A hornet zombie (D:9)
  2 ogres
  3 centaurs
  A wolf (Lair:1)
  A phantom (D:6)
  A lemure (D:7)
  A kobold brigand (D:5)
  7 bullfrogs
  2 wyvern zombies
  A scorpion (D:5)
  A water moccasin skeleton (D:6)
  6 wights
  7 howler monkeys
  2 centaur zombies
  A bullfrog zombie (D:10)
  4 orc priests
  A hound (D:6)
  4 jellies
  A gnoll shaman (D:3)
  A bullfrog skeleton (D:7)
  3 iguanas
  2 orc wizards
  Ijyb (D:4)
  A killer bee zombie (D:5)
  A hound skeleton (D:4)
  9 mummies
  13 gnolls
  2 howler monkey skeletons
  3 adders
  A shadow imp (D:5)
  2 white imps
  An adder skeleton (D:4)
  2 worms
  3 dart slugs
  30 orcs
  10 ball pythons
  4 endoplasms
  A giant cockroach (D:1)
  11 goblins
  4 hobgoblins
  7 jackals
  8 kobolds
  3 quokkas
  4 bats
  5 frilled lizards
  3 hobgoblin zombies
  5 kobold zombies (Ossuary)
  2 orc zombies
  10 rats
244 creatures vanquished.

Vanquished Creatures (others)
  A hobgoblin (D:4)
  6 fungi
  8 plants
  13 toadstools (D:6)
28 creatures vanquished.

Grand Total: 272 creatures vanquished

Notes
Turn   | Place    | Note
-------+----------+-------------------------------------------
     0 | D:1      | Morbidden the Demigod Brigand began the quest for the Orb.
     0 | D:1      | Reached XP level 1. HP: 17/17 MP: 3/3
   695 | D:1      | Reached XP level 2. HP: 24/24 MP: 4/4
   838 | D:1      | Reached skill level 2 in Fighting
  1294 | D:2      | Reached XP level 3. HP: 29/29 MP: 5/5
  1440 | D:2      | Reached skill level 1 in Dodging
  1780 | D:2      | You fall into a shaft and drop 1 floor!
  1863 | D:2      | Reached XP level 4. HP: 24/37 MP: 6/6
  2580 | D:2      | Found a runed translucent door.
  2581 | D:2      | Noticed Crazy Yiuf
  3423 | D:3      | Reached XP level 5. HP: 38/44 MP: 8/8
  4127 | D:4      | Reached skill level 3 in Fighting
  4144 | D:4      | Noticed Duvessa
  4148 | D:4      | Noticed Dowan
  4411 | D:4      | Noticed Ijyb
  4494 | D:4      | Killed Ijyb
  4617 | D:4      | Reached skill level 1 in Spellcasting
  4761 | D:3      | Reached skill level 5 in Stealth
  4761 | D:3      | Reached XP level 6. HP: 15/51 MP: 10/10
  5007 | D:5      | Entered Level 5 of the Dungeon
  5027 | D:5      | Found Wozxekka's Lightly-Used Armoury.
  5242 | D:5      | Found a sand-covered staircase.
  5261 | Ossuary  | Entered an ossuary
  5320 | Ossuary  | Reached skill level 1 in Armour
  5365 | Ossuary  | Reached XP level 7. HP: 37/58 MP: 12/12
  5717 | D:5      | Reached skill level 4 in Fighting
  5915 | D:5      | Bought a -3 double sword for 1 gold piece
  6579 | D:5      | Reached XP level 8. HP: 44/65 MP: 14/14
  7012 | D:6      | Noticed an oklob plant
  7159 | D:6      | Found a staircase to the Ecumenical Temple.
  7166 | Temple   | Entered the Ecumenical Temple
  7370 | D:6      | Reached skill level 5 in Fighting
  8111 | D:7      | Noticed Pikel
  8142 | D:7      | Killed Pikel
  8143 | D:7      | Reached skill level 5 in Short Blades
  8783 | D:7      | Learned a level 5 spell: Manifold Assault
  8923 | D:7      | Reached XP level 9. HP: 37/75 MP: 5/17
  9215 | D:7      | Noticed Harold
  9241 | D:7      | Killed Harold
  9242 | D:7      | Reached skill level 6 in Fighting
  9242 | D:7      | Reached skill level 1 in Translocations
  9256 | D:7      | Noticed Maggie
  9267 | D:7      | Killed Maggie
  9268 | D:7      | Reached skill level 5 in Armour
  9272 | D:7      | Noticed Menkaure
  9280 | D:7      | Killed Menkaure
 10751 | D:9      | Found Geowor's Antique Weapon Shop.
 10758 | D:9      | Reached skill level 1 in Long Blades
 10760 | D:9      | Bought a jewelled long sword for 297 gold pieces
 10760 | D:9      | Identified the +8 long sword "Uvaetung" {freeze, rElec}
                  | (You bought it in a shop on level 9 of the Dungeon)
 10764 | D:9      | Bought a shimmering dagger for 245 gold pieces
 10764 | D:9      | Identified the +5 dagger of the Gloaming {pain, +Rage Str+2
                  | Int+3} (You bought it in a shop on level 9 of the Dungeon)
 10882 | D:9      | Found Miemm's Assorted Antiques.
 10931 | D:9      | Reached XP level 10. HP: 59/83 MP: 20/20
 10985 | D:9      | Found a staircase to the Lair.
 11412 | D:9      | Reached skill level 7 in Fighting
 11412 | D:9      | Reached skill level 5 in Spellcasting
 11670 | D:10     | Entered Level 10 of the Dungeon
 12096 | D:10     | Noticed a deep elf pyromancer
 12104 | D:10     | Killed a deep elf pyromancer
 12497 | D:11     | Noticed a two-headed ogre
 12524 | D:11     | Noticed a boulder beetle
 12564 | D:11     | Noticed a brown ugly thing
 12630 | Lair:1   | Entered Level 1 of the Lair of Beasts
 12724 | Lair:1   | Reached skill level 5 in Long Blades
 13045 | Lair:1   | Reached XP level 11. HP: 76/92 MP: 22/22
 13731 | Lair:2   | Noticed a seven-headed hydra
 13924 | Lair:2   | Slain by a blink frog

Illustrated notes

Levels and vault maps discovered:
D:1:      dpeg_arrival_windows_large_door, layout_basic,
          shapermc_ecumenical_altar_petra
D:2:      layout_loops_ring, minmay_tripent, uniq_crazy_yiuf_cottage
D:3:      layout_loops_cross
D:4:      layout_gridville, uniq_ijyb, uniq_duvessa
D:5:      layout_rooms, nicolae_ossuary_entry_giza, minmay_holes,
          minmay_shop_damaged
D:6:      layout_layer_cave, tgw_fedhas, minmay_temple_entry_slanted
D:7:      layout_loops_cross, kennysheep_small_square, uniq_harold, uniq_pikel,
          uniq_maggie, uniq_menkaure
D:8:      layout_rooms
D:9:      layout_basic, erik_lair_dragon, serial_shops, nicolae_diamond_shop,
          kennysheep_mini_moat
D:10:     layout_basic, kennysheep_crisscross
D:11:     layout_loops_cross, uniq_urug, uniq_josephine, uniq_gastronok
Temple:   roderic_octagonal_lattice_temple
Lair:1:   layout_cave_pods, basic_altar
Lair:2:   layout_long_grid, minmay_snake_entry_guardpost_large

Skill      XL: |  1  2  3  4  5  6  7  8  9 10 11 |
---------------+----------------------------------+-----
Stealth        | 4 5 |  5.9
Fighting       | 2 3 4 5 6 7 |  7.6
Short Blades   | 2 3 4 5 6 |  6.5
Throwing       | 2 3 4 |  4.0
Dodging        | 1 2 3 4 |  4.1
Spellcasting   | 1 2 3 4 5 |  5.4
Armour         | 1 3 4 5 |  5.4
Translocations | 2 3 |  3.9
Long Blades    | 1 6 |  6.7
Evocations     | |  0.8

Action                   |  1- 3 |  4- 6 |  7- 9 | 10-12 || total
-------------------------+-------+-------+-------+-------++-------
Melee: Dagger            |   119 |   436 |   336 |       ||   891
       Short sword       |       |       |   380 |       ||   380
       Long sword        |       |       |    15 |   206 ||   221
Throw: Dart              |    18 |    15 |    32 |    34 ||    99
       Boomerang         |       |    18 |     6 |    21 ||    45
Evoke: Wand              |       |     6 |     6 |       ||    12
  Use: Scroll            |       |     5 |     8 |       ||    13
       Potion            |       |     1 |       |     3 ||     4
 Stab: Sleeping          |    15 |     9 |     4 |     4 ||    32
       Paralysed         |       |     1 |     4 |       ||     5
       Distracted        |       |       |       |     1 ||     1
Armor: Robe              |    23 |    21 |       |       ||    44
       Ring mail         |       |    68 |   164 |       ||   232
       Acid dragon scale |       |       |    89 |    84 ||   173
Dodge: Dodged            |    71 |   189 |   377 |   131 ||   768

Table legend: (Time is in decaauts)
 A = Elapsed time spent in this place.
 B = Non-inter-level travel time spent in this place.
 C = Inter-level travel time spent in this place.
 D = Time resting spent in this place.
 E = Time spent auto-exploring this place.
 F = Levels seen in this place.
 G = Mean time per level.
                   A        B        C        D        E       F      G
               +--------+--------+--------+--------+--------+-----+--------+
         Total |  13750 |  12904 |    846 |   2237 |   7451 |  15 |  916.7 |
       Dungeon |  12014 |  11281 |    733 |   2003 |   6425 |  11 | 1092.2 |
        Temple |     80 |     74 |      6 |      0 |     65 |   1 |   80.0 |
          Lair |   1298 |   1191 |    107 |    102 |    851 |   2 |  649.0 |
       Ossuary |    357 |    357 |      0 |    132 |    110 |   1 |  357.0 |
               +--------+--------+--------+--------+--------+-----+--------+

Top non-repeatable levels by time:
     D:6: 1716 daAuts
     D:3: 1673 daAuts
     D:5: 1286 daAuts
     D:7: 1244 daAuts
     D:2: 1238 daAuts
  Lair:1: 1157 daAuts
     D:1: 1139 daAuts
     D:9: 982 daAuts
     D:4: 907 daAuts
     D:8: 895 daAuts
    D:10: 870 daAuts
 Ossuary: 357 daAuts
  Lair:2: 141 daAuts
  Temple: 80 daAuts
    D:11: 60 daAuts
